 Dungeon Crawl Stone Soup version 0.30-a0-728-gc68057be0a (webtiles) character file.

Game seed: 14111053118641192660

116 lunkers the Slasher (level 5, -3/41 HPs)
             Began as a Meteoran Gladiator on Jan 30, 2023.
             Was an Initiate of Ru.
             Slain by Eustachio
             ... wielding a +0 rapier
              (7 damage)
             ... on level 4 of the Dungeon.
             The game lasted 00:02:33 (753 turns).

lunkers the Slasher (Meteoran Gladiator)             Turns: 753, Time: 00:02:34

Health: -3/41      AC:  7    Str: 15    XL:     5   Next: 46%
Magic:  6/6        EV: 11    Int:  9    God:    Ru [......]
Gold:   48         SH:  0    Dex: 18    Spells: 4/4 levels left

rFire   . . .      SeeInvis .    a - +0 long sword
rCold   . . .      Faith    .    (no shield)
rNeg    . . .      Spirit   .    f - +0 scale mail
rPois   .          Reflect  .    c - +0 helmet
rElec   .          Harm     .    (no cloak)
rCorr   .          Rampage  .    (no gloves)
Will    .....                    (no boots) Stlth
                                 (no amulet)
HPRegen 0.26/turn                (no ring)
MPRegen 0.10/turn                (no ring)

@: brilliant, glowing
A: sense surroundings 1, otherworldly, glowing, explore regen
a: Renounce Religion


You were on level 4 of the Dungeon.
You worshipped Ru.
Ru was noncommittal.
You visited 1 branch of the dungeon, and saw 3 of its levels.

You collected 48 gold pieces.

Inventory:

Hand Weapons
 a - a +0 long sword (weapon)
Missiles
 e - a javelin
Armour
 b - a +0 leather armour
 c - a +0 helmet (worn)
 f - a +0 scale mail (worn)
Scrolls
 g - a scroll of brand weapon {unknown}
 h - a scroll of teleportation {unknown}


   Skills:
 - Level 2.1 Fighting
 + Level 6.6 Long Blades
 - Level 2.4 Throwing
 - Level 3.6 Dodging


You had 4 spell levels left.
You didn't know any spells.
Your spell library was empty.

Dungeon Overview and Level Annotations

Branches:
Dungeon (2/15) Zot: 1033

Altars:
Ru

Annotations:
D:4 Eustachio


Innate Abilities, Weirdness & Mutations

You passively map a small area around you.
You are easily found by Zot.
You glow in the dark.
You regain HP and MP as you explore.


Message History

The rat bites you.
* * * LOW HITPOINT WARNING * * *
The river rat bites you.
* * * LOW HITPOINT WARNING * * *
The rat barely misses you.
You see here a throwing net.
Eustachio casts a spell.
The rat bites you but does no damage.
Unknown command.
The rat disappears in a puff of smoke!
Eustachio hits you with a +0 rapier.
* * * LOW HITPOINT WARNING * * *
The river rat bites you.
* * * LOW HITPOINT WARNING * * *
Throw: 2 throwing nets
Press: ? - help, Shift-Dir - straight line, f/p - Eustachio
Aim: Eustachio, wielding a +0 rapier and wearing a +0 leather armour (heavily wounded, 53% to hit)
You throw a throwing net.
The throwing net closely misses Eustachio.
Eustachio casts a spell.
Eustachio blinks!
The river rat bites you.
* * * LOW HITPOINT WARNING * * *
Unknown command.
The river rat attacks as you move away! The river rat closely misses you.
The quokka closely misses you.
You see here a throwing net.
The quokka bites you.
* * * LOW HITPOINT WARNING * * *
Throw: throwing net
Press: ? - help, Shift-Dir - straight line, f/p - Eustachio
Aim: Eustachio, wielding a +0 rapier and wearing a +0 leather armour (heavily wounded, 53% to hit)
You throw a throwing net. The throwing net misses Eustachio.
The quokka barely misses you. Eustachio hits you with a +0 rapier.
* * * LOW HITPOINT WARNING * * *
Unknown command.
You slash Eustachio!
Eustachio is almost dead.
The river rat barely misses you. The quokka bites you.
* * * LOW HITPOINT WARNING * * *
Eustachio hits you with a +0 rapier!
You die...

* ##.....## ##..#
#...[...# #..## .##
#......(# #..#
...#*#......## ##..#
#...##....### ##...## *
#.....### ######.....#
##....#####..........#
##....(..r..........#
#.......rr@@.....(..#
*#...#...r###........##
#...##..#####.....†...#
#...#*##..#
#..........# #### ##.#
##........## ###
#######.## ###


You could see Eustachio, 2 river rats, a quokka (summoned) and a rat (summoned).

Vanquished Creatures
  A scorpion (D:4)
  An orc wizard (D:2)
  A worm (D:2)
  4 orcs (D:2)
  A ball python (D:1)
  4 bats
  2 giant cockroaches
  3 goblins (D:2)
  2 hobgoblins (D:2)
  2 kobolds
  A quokka (D:1)
  A rat (D:2)
23 creatures vanquished.

Notes
Turn   | Place    | Note
-------+----------+-------------------------------------------
     0 | D:1      | lunkers the Meteoran Gladiator began the quest for the Orb.
     0 | D:1      | Reached XP level 1. HP: 17/17 MP: 2/2
    97 | D:1      | Reached skill level 4 in Long Blades
   112 | D:1      | Reached XP level 2. HP: 24/24 MP: 3/3
   268 | D:2      | Found a sacrificial altar of Ru.
   274 | D:2      | Became a worshipper of Ru the Awakened
   435 | D:2      | Reached XP level 3. HP: 29/29 MP: 4/4
   562 | D:2      | Reached skill level 5 in Long Blades
   592 | D:2      | Reached XP level 4. HP: 20/36 MP: 5/5
   660 | D:2      | You fall into a shaft and drop 2 floors!
   683 | D:4      | Noticed Eustachio
   684 | D:4      | Noticed a scorpion
   696 | D:4      | Killed a scorpion
   697 | D:4      | Reached skill level 6 in Long Blades
   697 | D:4      | Reached XP level 5. HP: 10/41 MP: 6/6
   753 | D:4      | Slain by Eustachio

Illustrated notes

Levels and vault maps discovered:
D:1:      elethiomel_arrival_infinity_welcomes_careful_drivers, layout_basic,
          serial_shops, nicolae_shop_waterfront, serial_forest,
          infiniplex_forest_clump_curved, infiniplex_forest_lined_ring,
          infiniplex_forest_clump_curved, infiniplex_forest_fountain
D:2:      layout_loops_ring, serial_forest, infiniplex_forest_lined_3,
          infiniplex_forest_clump_large, infiniplex_forest_lined_4_way,
          infiniplex_forest_lined_2, infiniplex_forest_straight_5,
          infiniplex_forest_lined_2, infiniplex_forest_straight_3,
          infiniplex_forest_end_3, basic_altar, st_stairs_5,
          wander_ebering_terrifying_dragon_lair, uniq_sigmund
D:4:      layout_cave_pods, nicolae_qazlal_style_of_elements, uniq_grinder,
          uniq_blork_the_orc, uniq_natasha, uniq_eustachio

Skill      XL: |  1  2  3  4 |
---------------+-------------+-----
Long Blades    | 4 5 6 |  6.6
Fighting       | |  2.1
Throwing       | |  2.4
Dodging        | |  3.6

Action                     |  1- 3 |  4- 6 || total
---------------------------+-------+-------++-------
  Melee: Long sword        |    65 |    22 ||    87
  Throw: Throwing net      |       |     3 ||     3
    Use: Potion            |       |     2 ||     2
   Stab: Held in net/web   |       |     1 ||     1
 Armour: Leather armour    |     1 |       ||     1
         Scale mail        |    33 |     6 ||    39
  Dodge: Dodged            |    18 |    10 ||    28

Table legend: (Time is in decaauts)
 A = Elapsed time spent in this place.
 B = Non-inter-level travel time spent in this place.
 C = Inter-level travel time spent in this place.
 D = Time resting spent in this place.
 E = Time spent auto-exploring this place.
 F = Levels seen in this place.
 G = Mean time per level.
                   A        B        C        D        E       F      G
               +--------+--------+--------+--------+--------+-----+--------+
         Total |    765 |    765 |      0 |      0 |    549 |   3 |  255.0 |
       Dungeon |    765 |    765 |      0 |      0 |    549 |   3 |  255.0 |
               +--------+--------+--------+--------+--------+-----+--------+

Top non-repeatable levels by time:
     D:2: 435 daAuts
     D:1: 235 daAuts
     D:4: 93 daAuts
